 Dungeon Crawl Stone Soup version 0.23.1 (webtiles) character file.

Game seed: 18385339079602549244

21 Yunesin the Skirmisher (level 2, 0/21 HPs)
             Began as an Octopode Berserker on Mar 14, 2019.
             Was a Follower of Trog.
             Slain by a frilled lizard (1 damage)
             ... on level 2 of the Dungeon.
             The game lasted 00:02:46 (1060 turns).

Yunesin the Skirmisher (Octopode Berserker)         Turns: 1060, Time: 00:02:47

Health: 0/21       AC:  1    Str: 16    XL:     2   Next: 83%
Magic:  2/2        EV: 14    Int:  9    God:    Trog [*.....]
Gold:   72         SH:  0    Dex: 11    Spells: 1/1 levels left

rFire    . . .     SeeInvis .   a - +0 hand axe
rCold    . . .     Gourm    .   (no shield)
rNeg     . . .     Faith    .   (helmet restricted)
rPois    .         Spirit   .   (no amulet)
rElec    .         Reflect  .   (no ring)
rCorr    .         Harm     .   (no ring)
MR       .....                  (no ring)
Stlth    ++........             (no ring)
HPRegen  0.07/turn              (no ring)
MPRegen  0.08/turn              (no ring)
                                (no ring)
                                (no ring)

@: berserk cooldown, very slightly contaminated, slowed, invisible, very slow
A: almost no armour, stealthy swim, amphibious, 8 rings, constrict 8, camouflage
1, gelatinous body 1
a: Berserk, Renounce Religion


You were on level 2 of the Dungeon.
You worshipped Trog.
Trog was aware of your devotion.
You were not hungry.

You visited 1 branch of the dungeon, and saw 2 of its levels.

You collected 72 gold pieces.

Inventory:

Hand Weapons
 a - a +0 hand axe (weapon)
Jewellery
 j - an uncursed ring of positive energy {unknown}
Scrolls
 c - 2 scrolls of identify {unknown}
 d - 2 scrolls of teleportation {unknown}
 f - a scroll of amnesia {unknown}
 i - a scroll of remove curse {unknown}
Comestibles
 b - a ration
 g - a chunk of flesh


   Skills:
 + Level 3.3 Fighting
 + Level 3.3 Axes
 + Level 3.3 Dodging
 + Level 0.2 Stealth


You had one spell level left.
You didn't know any spells.
Your spell library was empty.

Dungeon Overview and Level Annotations

Branches:
Dungeon (2/15)

Altars:


Innate Abilities, Weirdness & Mutations

You cannot wear most types of armour.
You are very stealthy in the water. (Stealth+)
You are amphibious.
You can wear up to eight rings at the same time.
You can use your tentacles to constrict eight enemies at once.
Your skin changes colour to match your surroundings (Stealth+).
Your rubbery body absorbs attacks. (AC +1, EV +1)


Message History

You feel yourself slow down. The bat completely misses you.
A frilled lizard comes into view.
The adder bites you but does no damage. The bat misses you.
The adder barely misses you.
The frilled lizard hisses.
The adder bites you.
* * * LOW HITPOINT WARNING * * *
Okay, then.
It was a potion of invisibility.
You fade into invisibility!
A jackal comes into view.
The bat hits you but does no damage. The adder closely misses you.
The adder misses you.
You are very lightly contaminated with residual magic.
You aren't carrying any potions.
As you read the scroll labeled ANOUG GIXEOWIUF, it crumbles to dust.
The scroll dissolves into smoke.
It was a scroll of fog.
The adder closely misses you. x2; The frilled lizard bites you.
You die...

#########.# ## ....(..... ..
###........# .########
..#........# # ..#.....
#.#........# #..#.#.#... #
#.#..##### #..#.#...#.
#.#.#.#)#.....§# #...<....#÷
#..........###§#####.######.#.
......)##...S@§§..........[.#.
##.#### ##.§l#§§.....# ###.
#....########## #.
#.##.b.........# #. #.
##...######.######. .#
#................. #.
#..#.........####(. #.
...............# #.#
#.###............# #..


You could see an adder and a frilled lizard.

Vanquished Creatures
  2 leopard geckos
  2 giant cockroaches (D:2)
  4 goblins
  2 hobgoblins (D:2)
  A frilled lizard (D:2)
  3 kobolds
  5 rats
19 creatures vanquished.

Notes
Turn   | Place    | Note
-------+----------+-------------------------------------------
     0 | D:1      | Yunesin the Octopode Berserker began the quest for the Orb.
     0 | D:1      | Reached XP level 1. HP: 16/16 MP: 1/1
   192 | D:1      | Reached XP level 2. HP: 16/21 MP: 2/2
  1058 | D:2      | HP: 1/21 [adder (5)]
  1060 | D:2      | Slain by a frilled lizard

Action                   || total
-------------------------++-------
Melee: Hand axe          ||    33
       Constrict         ||     8
       Tentacles         ||     1
Invok: Berserk           ||     2
  Use: Scroll            ||     1
       Potion            ||     1
 Stab: Sleeping          ||     3
  Eat: Chunk             ||     2
Armor: Skin              ||     5
Dodge: Dodged            ||    24
